 Dungeon Crawl Stone Soup version 0.31-a0-1300-gb6740aa4e6 (webtiles) character file.

Game seed: 10954800568068849313

6424 Arcadio the Grappler (level 10, -6/105 HPs)
             Began as a Troll Monk on Dec 18, 2023.
             Was an Elder of Qazlal.
             Mangled by Snorg (8 damage)
             ... on level 10 of the Dungeon.
             The game lasted 00:14:57 (7686 turns).

Arcadio the Grappler (Troll Monk)                   Turns: 7686, Time: 00:14:58

Health: -6/105     AC:  7    Str: 25    XL:     10   Next: 67%
Magic:  10/10      EV: 12    Int:  6    God:    Qazlal [****..]
Gold:   510        SH:  5    Dex: 12    Spells: 9/9 levels left

rFire   + .          .
                       - Unarmed
rCold   . . .        c - orb {light}
rNeg    . . .        L - +0 steam dragon scales
rPois   +            (helmet currently unavailable)
rElec   .            t - melded +1 cloak
rCorr   .            (gloves unavailable)
SInv    .            (boots unavailable)
Will    .....        (no amulet)
Stlth   +            g - ring of poison resistance
HPRegen 1.17/turn    h - ring of protection from fire
MPRegen 0.12/turn

%: repel missiles
@: beast-form, glowing
A: beast (slay +0), large, unfitting armour, claws 3, regeneration 1, shaggy fur
1, tough skin 1
a: Begin Untransformation, Renounce Religion, Upheaval, Elemental Force


You were on level 10 of the Dungeon.
You worshipped Qazlal.
Qazlal was greatly pleased with you.
You were a hulking beast.
You visited 2 branches of the dungeon, and saw 11 of its levels.

You collected 580 gold pieces.
You spent 70 gold pieces at shops.

Inventory:

Hand Weapons
 s - the +4 orcbow "Axoestralucs" {heavy, rC+}
   (You found it on level 3 of the Dungeon)

   rC+:       It protects you from cold.
 N - the +5 flail of the Powerful God {elec, ^Fragile rElec rN++ rCorr}
   (You found it on level 8 of the Dungeon)

   rElec:     It insulates you from electricity.
   rN++:      It greatly protects you from negative energy.
   rCorr:     It protects you from acid and corrosion.
   ^Fragile:  It will be destroyed if unequipped.
Missiles
 P - a throwing net
Armour
 a - a +0 robe
 c - an orb of light (worn)
 n - a +0 cloak
 t - a +1 cloak (melded)
 J - a +0 kite shield
 L - +0 steam dragon scales (worn)
Jewellery
 g - a ring of poison resistance (left claw)
 h - a ring of protection from fire (right claw)
 A - a ring of flight
 C - a ring of fire
 H - a ring of fire
Talismans
 S - a beast talisman (active)
Wands
 u - a wand of mindburst (21)
 F - a wand of flame (17)
 R - a wand of roots (3)
Scrolls
 f - 5 scrolls of teleportation
 j - 2 scrolls of enchant weapon {unknown}
 l - 2 scrolls of blinking {unknown}
 m - a scroll of silence {unknown}
 o - a scroll of torment {unknown}
 r - 4 scrolls of identify
 w - a scroll of enchant armour {unknown}
 y - 2 scrolls of poison {unknown}
 B - 3 scrolls of fear {unknown}
 G - 4 scrolls of immolation {unknown}
 K - a scroll of fog {unknown}
 M - a scroll of vulnerability {unknown}
Potions
 b - 2 potions of ambrosia
 d - 2 potions of haste
 e - 3 potions of curing
 i - 2 potions of mutation {unknown}
 k - a potion of attraction {unknown}
 p - 3 potions of lignification
 q - a potion of magic {unknown}
 v - a potion of might {unknown}
 x - 4 potions of enlightenment
 D - 2 potions of degeneration {unknown}
 E - a potion of heal wounds {unknown}
 I - 2 potions of brilliance {unknown}
 O - a potion of resistance {unknown}
 Q - a potion of cancellation {unknown}
Miscellaneous
 z - a box of beasts


   Skills:
 + Level 8.3 Fighting
 + Level 2.5 Armour
 - Level 7.7 Dodging
 + Level 9.8 Unarmed Combat
 + Level 1.6 Invocations


You had 9 spell levels left.
You didn't know any spells.
Your spell library contained the following spells:

 Spells                   Type           Power      Damage    Failure   Level
 Ensorcelled Hibernation  Hex/Ice        0%         N/A       58%         2
 Passwall                 Tmut/Erth      0%         N/A       58%         2
 Sublimation of Blood     Necr           0%         N/A       58%         2
 Wereblood                Tmut           0%         N/A       58%         2
 Swiftness                Air            0%         N/A       83%         3
 Animate Armour           Summ/Erth      0%         N/A       99%         4
 Summon Lightning Spire   Summ/Air       0%         N/A       99%         4
 Lee's Rapid Deconstruct  Erth           0%         3d4*      100%        5
 Summon Hydra             Summ           0%         N/A       100%        7


Dungeon Overview and Level Annotations

Branches:
Dungeon (10/15) Zot: 26616  Temple (1/1) D:5 Zot: 5998    Lair (0/5) D:9
    Orc: D:9-12

Altars:
Ashenzari
Cheibriados
Dithmenos
Elyvilon
Fedhas
Gozag
Hepliaklqana
Kikubaaqudgha
Makhleb
Nemelex Xobeh
Okawaru
Qazlal
Ru
Sif Muna
Trog
Uskayaw
Vehumet
Wu Jian
Xom
Yredelemnul
Zin
The Shining One

Shops:
D:2 ?

Annotations:
D:5 2 transporters, heinrich's ghost, novice FoHu
D:9 1 transporter
D:10 Snorg


Innate Abilities, Weirdness & Mutations

You are a hulking beast.
Your limbs bulge with bestial killing power. (Slay +0)
You are too large for most types of armour.
You have claws for hands.
Your natural rate of healing is unusually fast.
You are covered in fur. (AC +1)
You have tough skin. (AC +1)


Message History

A flash of anger passes briefly over Snorg's face.
Okay, then.
You barely miss Snorg. You barely miss Snorg. Snorg bites you!
Snorg barely misses you. Snorg claws you!
You mangle Snorg!!
Snorg is moderately wounded.
Snorg closely misses you. Snorg claws you. x2
You mangle Snorg!!
Snorg is heavily wounded.
Snorg goes berserk!
You claw Snorg!
Snorg is heavily wounded.
Snorg bites you!! Snorg claws you. Snorg claws you but does no damage.
You barely miss Snorg.
Snorg is heavily wounded.
Snorg is engulfed in blazing flames.
Snorg bites you! Snorg claws you. x2
You barely miss Snorg.
Snorg is severely wounded.
Snorg is engulfed in blazing flames.
Snorg closely misses you. x2
Snorg misses you.
Snorg is engulfed in blazing flames.
Snorg barely misses you. Snorg claws you! Snorg claws you but does no damage.
Aiming: Upheaval
Press: ? - help, Dir - move target, f - Snorg
Aim: Snorg (flame, severely wounded, berserk, haloed)
Okay, then.
You feel better.
Snorg is engulfed in blazing flames.
Snorg bites you!!
* * * LOW HITPOINT WARNING * * *
Snorg claws you!
* * * LOW HITPOINT WARNING * * *
Snorg claws you but does no damage.
Unknown command.
Okay, then.
Okay, then.
Okay, then.
Okay, then.
You barely miss Snorg.
Snorg is severely wounded.
Snorg is engulfed in blazing flames.
Snorg bites you!
You die...

##### # ##...#########
... #.☼Th..##....#####...
......####°......##....#.
#.... #...##.....# ..#
#... #..#.###...##.## ##.
######.###.....# #
#.###...... ###.........#
#....###....#
..#..###.##..


You could see Snorg (berserk).

Vanquished Creatures
  A two-headed ogre (D:10)
  A komodo dragon (D:8)
  Prince Ribbit (D:6)
  A hornet (D:8)
  3 yaks (D:8)
  2 steam dragons
  6 water moccasins
  A sky beast (D:5)
  An orc warrior (D:8)
  3 black bears
  An ice beast (D:6)
  An ogre (D:5)
  3 centaurs
  A phantom (D:6)
  9 bullfrogs
  A kobold brigand (D:9)
  4 gnoll sergeants
  2 scorpions
  15 wights
  4 howler monkeys
  Crazy Yiuf (D:2)
  4 jellies
  2 orc priests (D:9)
  2 gnoll boudas
  A sleepcap (D:7)
  Terence (D:2)
  3 iguanas
  5 orc wizards
  Robin (D:3)
  5 adders
  32 gnolls
  2 ufetubi (D:5)
  An adder zombie (D:2)
  2 worms
  3 dart slugs
  4 orcs
  6 ball pythons
  3 bats
  2 bat skeletons (D:2)
  5 endoplasms
  3 giant cockroaches
  15 goblins
  10 hobgoblins
  6 jackals
  2 quokkas (D:2)
  2 ball python skeletons (D:2)
  4 frilled lizards
  A giant cockroach zombie (D:2)
  9 kobolds
  A quokka skeleton (D:2)
  7 rats
206 creatures vanquished.

Vanquished Creatures (others)
  A gnoll (D:8)
1 creature vanquished.

Grand Total: 207 creatures vanquished

Notes
Turn   | Place    | Note
-------+----------+-------------------------------------------
     0 | D:1      | Arcadio the Troll Monk began the quest for the Orb.
     0 | D:1      | Reached XP level 1. HP: 22/22 MP: 0/0
   226 | D:1      | Reached XP level 2. HP: 29/29 MP: 1/1
   817 | D:1      | Reached skill level 1 in Armour
   951 | D:2      | Reached XP level 3. HP: 33/36 MP: 2/2
   977 | D:2      | Found a hide-covered altar of Uskayaw.
  1176 | D:2      | Noticed Terence
  1183 | D:2      | Killed Terence
  1203 | D:2      | Found a runed translucent door.
  1204 | D:2      | Noticed Crazy Yiuf
  1222 | D:2      | Reached XP level 4. HP: 45/45 MP: 3/3
  1335 | D:2      | Found Qaceiwk's Magic Scroll Boutique.
  1341 | D:2      | Bought a scroll of identify for 28 gold pieces
  1341 | D:2      | Bought a scroll of teleportation for 42 gold pieces
  1384 | D:2      | Killed Crazy Yiuf
  1618 | D:3      | Noticed Robin
  1619 | D:3      | Found a sacrificial altar of Ru.
  1643 | D:3      | Reached skill level 4 in Unarmed Combat
  1656 | D:3      | Killed Robin
  1808 | D:3      | Reached XP level 5. HP: 53/53 MP: 4/4
  1973 | D:3      | Identified the +4 orcbow "Axoestralucs" {heavy, rC+}
  2524 | D:4      | Found an opulent altar of Gozag.
  2632 | D:3      | Reached XP level 6. HP: 45/62 MP: 5/5
  2851 | D:4      | Reached skill level 5 in Unarmed Combat
  2857 | D:4      | Found a stormy altar of Qazlal.
  2862 | D:4      | Became a worshipper of Qazlal Stormbringer
  2862 | D:4      | Reached * piety under Qazlal
  2862 | D:4      | Reached ** piety under Qazlal
  2907 | D:4      | Found a shimmering altar of Xom.
  3157 | D:5      | Entered Level 5 of the Dungeon
  3161 | D:5      | Reached XP level 7. HP: 65/71 MP: 6/6
  3163 | D:5      | Found a broken altar of Ashenzari.
  3252 | D:5      | Found a staircase to the Ecumenical Temple.
  3261 | Temple   | Entered the Ecumenical Temple
  3294 | D:5      | Identified the +9 spear of Uskayaw's Delight {venom, rC+
                  | Stlth+}
  3314 | D:5      | Found a transporter.
  3616 | D:5      | Found a transporter.
  3620 | D:5      | Noticed heinrich's ghost (novice FoHu)
  3708 | D:5      | Found a basalt altar of Yredelemnul.
  3717 | D:5      | Found a radiant altar of Vehumet.
  3987 | D:6      | Reached skill level 5 in Fighting
  3987 | D:6      | Reached skill level 6 in Unarmed Combat
  4042 | D:6      | Reached XP level 8. HP: 80/80 MP: 7/7
  4377 | D:6      | Noticed Prince Ribbit
  4398 | D:6      | Killed Prince Ribbit
  4399 | D:6      | Reached skill level 5 in Dodging
  4804 | D:7      | Reached skill level 7 in Unarmed Combat
  4975 | D:7      | Found a glowing golden altar of the Shining One.
  5070 | D:7      | Reached XP level 9. HP: 86/89 MP: 8/8
  5183 | D:7      | Found an iron altar of Okawaru.
  5349 | D:7      | Reached *** piety under Qazlal
  5633 | D:7      | Reached skill level 8 in Unarmed Combat
  5959 | D:8      | Found a shadowy altar of Dithmenos.
  5993 | D:8      | Identified the +5 flail of the Powerful God {elec, ^Fragile
                  | rElec rN++ rCorr}
  6031 | D:8      | Found a hide-covered altar of Uskayaw.
  6270 | D:8      | Reached XP level 10. HP: 60/102 MP: 9/9
  6323 | D:8      | Reached skill level 9 in Unarmed Combat
  6428 | D:9      | Reached **** piety under Qazlal
  6454 | D:9      | Found a staircase to the Lair.
  6469 | D:9      | Found a transporter.
  7299 | D:10     | Entered Level 10 of the Dungeon
  7387 | D:10     | Noticed a two-headed ogre
  7394 | D:10     | Killed a two-headed ogre
  7395 | D:10     | Reached skill level 1 in Invocations
  7673 | D:10     | Noticed Snorg
  7685 | D:10     | HP: 1/105 [Snorg (11)]
  7686 | D:10     | Mangled by Snorg

Illustrated notes

Levels and vault maps discovered:
D:1:      amcnicky_arrival_single_pillar, layout_basic,
          chequers_serial_rivers_micro_e
D:2:      layout_basic, basic_altar, serial_shops, nicolae_shop_peninsula,
          serial_undead, serial_undead_b, serial_undead_a, serial_undead_c,
          serial_undead_b, uniq_crazy_yiuf_cottage, uniq_terence
D:3:      layout_loops_corners, old_standard_altar, uniq_robin
D:4:      minmay_clustersquares, layout_rooms, nicolae_overflow_crystal_walls,
          lemuel_coloured_pillars_altar, lemuel_doored_altar
D:5:      layout_loops_ring, mainiacjoe_overflow_swirl, evilmike_ruin_ashenzari,
          minmay_temple_entry_stoned_glass, gammafunk_ghost_gnarly_gnolls,
          kennysheep_doodads, minivault_26
D:6:      layout_loops_corners, reono_crystal_passage, minmay_small_thing,
          uniq_prince_ribbit1
D:7:      layout_loops_ring, okawaru_ov_weapons_minmay,
          nicolae_tso_carved_into_rock, hangedman_decor_points
D:8:      layout_rooms, mainiacjoe_overflow_six_doors_small,
          mainiacjoe_overflow_cross_hatched, kennysheep_dice
D:9:      layout_basic, due_lair_maze_entry_diamond, minivault_27,
          nicolae_diode_basic
D:10:     layout_layer_cave, einodemon_armed_red_devil_minivault, uniq_snorg,
          uniq_nergalle, uniq_fannar, uniq_erica
Temple:   bh_familiar_temple

Skill      XL: |  1  2  3  4  5  6  7  8  9 10 |
---------------+-------------------------------+-----
Armour         | 1 2 |  2.5
Fighting       | 3 4 5 6 7 8 |  8.3
Unarmed Combat | 4 5 6 7 8 9 |  9.8
Dodging        | 3 4 5 7 |  7.7
Invocations    | 1 |  1.6

Action                     |  1- 3 |  4- 6 |  7- 9 | 10-12 || total
---------------------------+-------+-------+-------+-------++-------
  Melee: Unarmed           |    76 |   162 |   219 |    86 ||   543
    Use: Scroll            |       |     1 |     3 |       ||     4
         Potion            |       |       |     1 |     1 ||     2
 Armour: Robe              |    43 |   134 |   154 |       ||   331
         Steam dragon scal |       |       |    18 |    95 ||   113
  Dodge: Dodged            |    42 |    82 |   125 |    76 ||   325
   Form: Beast             |       |       |       |     1 ||     1

Table legend: (Time is in decaauts)
 A = Elapsed time spent in this place.
 B = Non-inter-level travel time spent in this place.
 C = Inter-level travel time spent in this place.
 D = Time resting spent in this place.
 E = Time spent auto-exploring this place.
 F = Levels seen in this place.
 G = Mean time per level.
                   A        B        C        D        E       F      G
               +--------+--------+--------+--------+--------+-----+--------+
         Total |   7651 |   7381 |    270 |    232 |   5645 |  11 |  695.5 |
       Dungeon |   7650 |   7380 |    270 |    232 |   5645 |  10 |  765.0 |
        Temple |      1 |      1 |      0 |      0 |      0 |   1 |    1.0 |
               +--------+--------+--------+--------+--------+-----+--------+

Top non-repeatable levels by time:
     D:3: 1024 daAuts
     D:6: 958 daAuts
     D:1: 926 daAuts
     D:9: 856 daAuts
     D:8: 818 daAuts
     D:5: 766 daAuts
     D:7: 719 daAuts
     D:4: 708 daAuts
     D:2: 488 daAuts
    D:10: 382 daAuts
  Temple: 1 daAuts
